 Dungeon Crawl Stone Soup version 0.17.0 (webtiles) character file.

33949 Eucla the Cleaver (level 13, -6/122 HPs)
             Began as a Minotaur Gladiator on Nov 11, 2015.
             Was a High Priest of Okawaru.
             Mangled by a giant leech (13 damage)
             ... on level 4 of the Lair of Beasts.
             The game lasted 00:27:26 (13981 turns).

Eucla the Cleaver (Minotaur Gladiator)             Turns: 13981, Time: 00:27:26

Health: -6/122     AC: 20    Str: 23    XL:     13   Next: 39%
Magic:  21/21      EV: 20    Int:  7    God:    Okawaru [*****.]
Gold:   1529       SH:  0    Dex: 20    Spells: 0 memorised, 12 levels left

rFire  . . .     SeeInvis .     U - +2 battleaxe (vamp)
rCold  + + +     Clarity  .     M - +1 scale mail {rC+}
rNeg   . . .     SustAt   .     (shield currently unavailable)
rPois  +         Gourm    .     c - +1 hat
rElec  .         Spirit   .     N - +2 cloak {rPois}
rCorr  .         Warding  .     H - +0 pair of gloves of Charity {rC+ Regen+ MP+9 Str+3 Int+2}
rMut   .         Stasis   .     d - +2 pair of boots {run}
MR     .....                    Y - amulet of faith
Stlth  +.........               k - +4 ring of dexterity
                                R - ring of protection from cold

@: quick, not resistant to hostile enchantments, very unstealthy
A: retaliatory headbutt, horns 2
a: Heroism, Finesse, Renounce Religion


You were on level 4 of the Lair of Beasts.
You worshipped Okawaru.
Okawaru was extremely pleased with you.
You were not hungry.

You visited 2 branches of the dungeon, and saw 15 of its levels.
You also visited: Labyrinth, Ossuary and Ice Cave.

You collected 1529 gold pieces.

Inventory:

Hand Weapons
 U - a +2 vampiric battleaxe (weapon)
Missiles
 r - 5 throwing nets (quivered)
Armour
 c - a +1 hat (worn)
 d - a +2 pair of boots of running (worn)
 H - the +0 pair of gloves of Charity (worn) {rC+ Regen+ MP+9 Str+3 Int+2}
   (You acquired it on level 11 of the Dungeon)

   It affects your strength (+3).
   It affects your intelligence (+2).
   It protects you from cold.
   It affects your magic capacity (+9).
   It increases your rate of regeneration.
 M - a +1 scale mail of cold resistance (worn)
 N - a +2 cloak of poison resistance (worn)
Jewellery
 b - an uncursed amulet of resist mutation {unknown}
 k - a +4 ring of dexterity (right hand)
 o - an uncursed ring of protection from cold
 p - the ring "Onelet" {+Blink +Fly MP+9}
   (You found it on level 4 of the Dungeon)

   [ring of magical power]

   It affects your magic capacity (+9).
   It lets you fly.
   It lets you blink.
 B - a +5 ring of strength {unknown}
 J - an uncursed ring of positive energy
 K - an uncursed ring of see invisible
 Q - a +4 ring of intelligence
 R - a ring of protection from cold (left hand)
 T - an uncursed amulet of rage {unknown}
 V - an uncursed ring of sustain attributes
 Y - an amulet of faith (around neck)
Wands
 a - a wand of cold (0)
 A - a wand of digging (12)
 I - a wand of lightning (5)
 O - a wand of fire (8)
Scrolls
 g - 3 scrolls of enchant armour
 i - 3 scrolls of fog
 l - 4 scrolls of identify
 q - a scroll of fear
 w - 3 scrolls of teleportation
 y - 10 scrolls of remove curse
 G - a scroll of enchant weapon
 L - a scroll of vulnerability {unknown}
 P - a scroll of recharging
 S - 2 scrolls of immolation {unknown}
Potions
 j - 2 potions of magic {unknown}
 m - a potion of curing
 n - 2 potions of berserk rage
 s - a potion of invisibility {unknown}
 t - 2 potions of flight
 v - 4 potions of brilliance {unknown}
 x - 2 potions of lignification {unknown}
 z - 5 potions of agility {unknown}
 E - a potion of cancellation
 F - 3 potions of heal wounds {unknown}
Comestibles
 e - 11 bread rations
 f - 4 meat rations
 h - a beef jerky
 u - 2 royal jellies
 D - 2 fruits


   Skills:
 + Level 13.5 Fighting
 + Level 13.9 Axes
 - Level 2.0 Throwing
 + Level 13.8 Armour
 + Level 12.6 Dodging


You had 12 spell levels left.
You didn't know any spells.

Dungeon Overview and Level Annotations

Branches:
Dungeon (11/15)            Temple (0/1) D:4            Lair (4/8) D:11
  Swamp (0/4) Lair:4          Orc (0/4) D:11
  Snake: Lair:3-6    Spider: Lair:3-6

Altars:
Ashenzari
Dithmenos
Elyvilon
Fedhas
Gozag
Makhleb
Okawaru
Ru
Sif Muna
Trog

Shops:
D:6 *

Annotations:
D:9 exclusion: obsidian statue, Eucla's ghost, novice MiGl


Innate Abilities, Weirdness & Mutations

You reflexively headbutt those who attack you in melee.
You have a pair of horns on your head.


Message History

You headbutt the giant leech, but do no damage.
Unknown command.
You slash the giant leech!
You feel better.
The giant leech is almost dead.
Unknown command.
You miss the giant leech.
The giant leech is almost dead.
The giant leech bites you!
* * * LOW HITPOINT WARNING * * *
The giant leech draws strength from your injuries!
You completely miss the giant leech. Your headbutt misses the giant leech.
The giant leech is severely wounded.
The giant leech bites you!!
* * * LOW HITPOINT WARNING * * *
The giant leech draws strength from your injuries!
Unknown command.
You miss the giant leech. Your headbutt misses the giant leech.
The giant leech is heavily wounded.
The giant leech bites you!
You die...

# #........##
..+.........#
#PP.....>..##
###........#
#.#..'#### ####..#
######..#
#..#.#..######
♣@w...+#.#P..##
♣§♣♣..........#
♣§§♣♣♣.........#
♣§§§≈ ♣.........#
♣§§§≈§♣.........#
♣§§§≈♣♣.........#
♣♣≈♣≈♣♣..........#
♣♣ ♣♣..........##
##....##...#


You could see a giant leech.

Vanquished Creatures
  A minotaur (Lab)
  Josephine (D:11)
  2 ice dragons (IceCv)
  2 hydras (Lair:2)
  A centaur warrior (D:11)
  The ghost of Guenter the Cleaver, a novice FoFi of Makhleb (D:10)
  Urug (D:11)
  Sonja (D:11)
  An unseen horror (D:11)
  2 hill giants (D:11)
  An ugly thing (D:11)
  2 manticores (D:11)
  2 cyclopes (D:11)
  A torpor snail (Lair:4)
  2 ice statues (IceCv)
  A gargoyle (D:11)
  4 komodo dragons
  A spiny frog (Lair:3)
  A troll (D:9)
  The ghost of Ark the Ruffian, an amateur MiMo (D:4)
  A two-headed ogre (D:11)
  Prince Ribbit (D:7)
  19 blink frogs
  3 giant leeches (Lair:4)
  3 trapdoor spiders
  6 wraiths (D:11)
  A wyvern (D:10)
  2 deep elf magi
  3 hungry ghosts
  A steam dragon (D:11)
  15 yaks
  10 hippogriffs
  2 soldier ants
  Duvessa (D:4)
  5 water moccasins
  3 porcupines
  An eye of draining (D:10)
  9 ogres
  A sky beast (D:5)
  2 orc warriors
  26 ice beasts
  2 black bears
  2 phantoms
  6 centaurs
  2 wasps
  5 crocodiles
  4 elf zombies (Ossuary)
  A big kobold (D:9)
  Dowan (D:4)
  17 giant frogs
  A gnoll sergeant (D:9)
  5 scorpions
  7 killer bees
  3 wights (D:11)
  4 crimson imps
  4 centaur skeletons
  5 centaur zombies
  3 giant frog skeletons
  2 jellies
  7 orc priests
  5 hounds
  4 human zombies (Ossuary)
  A gnoll shaman (D:8)
  8 iguanas
  10 worker ants
  5 orc wizards
  A hound skeleton (D:4)
  3 mummies (Ossuary)
  14 river rats
  2 worker ant zombies
  11 gnolls
  12 adders
  2 shadow imps
  An ooze (D:3)
  2 worms
  5 giant geckos
  24 orcs
  3 ball pythons
  7 goblins
  7 hobgoblins
  19 jackals
  9 kobolds
  7 quokkas
  8 bats
  3 giant cockroaches
  A giant gecko skeleton (D:5)
  3 giant newts
  41 rats
  4 fungi
447 creatures vanquished.

Notes
Turn   | Place    | Note
--------------------------------------------------------------
     0 | D:1      | Eucla the Minotaur Gladiator began the quest for the Orb.
     0 | D:1      | Reached XP level 1. HP: 18/18 MP: 0/0
   202 | D:1      | Reached XP level 2. HP: 23/25 MP: 1/1
   451 | D:1      | Reached skill level 1 in Armour
   791 | D:2      | Reached skill level 4 in Axes
   804 | D:2      | Reached XP level 3. HP: 20/30 MP: 2/2
   834 | D:2      | Found a sacrificial altar of Ru.
   835 | D:2      | Found a shattered altar of Ashenzari.
   836 | D:2      | Found a white marble altar of Elyvilon.
   837 | D:2      | Found a burning altar of Makhleb.
   839 | D:2      | Found a bloodstained altar of Trog.
   839 | D:2      | Found an iron altar of Okawaru.
   840 | D:2      | Found a blossoming altar of Fedhas.
   856 | D:2      | Became a worshipper of Warmaster Okawaru
  1290 | D:2      | Reached XP level 4. HP: 38/38 MP: 3/3
  1806 | D:3      | Found a deep blue altar of Sif Muna.
  2203 | D:3      | Reached XP level 5. HP: 23/45 MP: 4/4
  2289 | D:3      | Reached skill level 5 in Axes
  2343 | D:4      | Found a staircase to the Ecumenical Temple.
  2427 | D:4      | Noticed Ark's ghost (amateur MiMo)
  2449 | D:4      | HP: 2/45 [Ark's ghost (4)]
  2453 | D:4      | Killed Ark's ghost
  2453 | D:4      | Reached * piety under Okawaru
  2453 | D:4      | Reached skill level 5 in Dodging
  2453 | D:4      | Reached XP level 6. HP: 4/53 MP: 5/5
  2816 | D:4      | Noticed an ogre
  2823 | D:4      | Killed an ogre
  2823 | D:4      | Reached skill level 6 in Axes
  2823 | D:4      | Reached XP level 7. HP: 43/60 MP: 6/6
  2828 | D:4      | Found a shadowy altar of Dithmenos.
  2878 | D:4      | Got a bound wooden ring
  2885 | D:4      | Noticed Duvessa
  2894 | D:4      | Killed Duvessa
  2894 | D:4      | Reached ** piety under Okawaru
  2894 | D:4      | Reached skill level 5 in Fighting
  2895 | D:4      | Noticed Dowan
  2906 | D:4      | Killed Dowan
  3427 | D:5      | Entered Level 5 of the Dungeon
  3511 | D:5      | Reached skill level 5 in Armour
  3643 | D:5      | Found a sand-covered staircase.
  3649 | Ossuary  | Entered an ossuary
  3663 | Ossuary  | Reached XP level 8. HP: 48/70 MP: 7/7
  3674 | Ossuary  | Reached skill level 7 in Axes
  4145 | Ossuary  | Identified the ring "Onelet" {+Blink +Fly MP+9} (You found it on level 4 of the Dungeon)
  4530 | D:5      | Reached *** piety under Okawaru
  4644 | D:6      | Found an opulent altar of Gozag.
  4705 | D:6      | Found Zarhiwn's General Store.
  4935 | D:6      | Reached skill level 8 in Axes
  4951 | D:6      | Reached XP level 9. HP: 79/79 MP: 8/8
  5679 | D:7      | Reached **** piety under Okawaru
  5685 | D:7      | Noticed Prince Ribbit
  5693 | D:7      | Killed Prince Ribbit
  5789 | D:8      | Reached skill level 9 in Axes
  6136 | D:8      | Reached ***** piety under Okawaru
  6462 | D:8      | Reached XP level 10. HP: 90/90 MP: 9/9
  6596 | D:9      | Paralysed by a wasp for 3 turns
  6898 | D:9      | Noticed an obsidian statue
  7087 | D:9      | Got a transparent leather armour
  7098 | D:9      | Identified the cursed +0 leather armour of the Sun {rF+ Str+2} (You found it on level 9 of the Dungeon)
  7130 | D:9      | Received a gift from Okawaru
  7190 | D:9      | Noticed Eucla's ghost (novice MiGl)
  7204 | D:9      | Reached skill level 10 in Axes
  7456 | D:9      | Received a gift from Okawaru
  7703 | D:10     | Entered Level 10 of the Dungeon
  7704 | D:10     | Noticed Guenter's ghost (novice FoFi)
  7722 | D:10     | Killed Guenter's ghost
  7743 | D:10     | Reached skill level 10 in Fighting
  7773 | D:10     | Reached skill level 10 in Armour
  8301 | D:11     | Found a labyrinth entrance.
  8317 | Lab      | Entered a labyrinth
  8765 | Lab      | Noticed a minotaur
  8776 | Lab      | Killed a minotaur
  8776 | Lab      | Reached XP level 11. HP: 30/101 MP: 10/10
  8864 | D:11     | Noticed a centaur warrior
  8878 | D:11     | Killed a centaur warrior
  8878 | D:11     | Reached skill level 11 in Axes
  8878 | D:11     | Reached skill level 10 in Dodging
  9198 | D:11     | Noticed Josephine
  9210 | D:11     | Killed Josephine
  9210 | D:11     | Received a gift from Okawaru
  9263 | D:11     | Noticed a hill giant
  9275 | D:11     | Killed a hill giant
  9535 | D:11     | Received a gift from Okawaru
  9622 | D:11     | Identified a scroll of acquirement
  9625 | D:11     | Got a pair of fine gloves
  9631 | D:11     | Identified the +0 pair of gloves of Charity {rC+ Regen+ MP+9 Str+3 Int+2} (You acquired it on level 11 of the Dungeon)
  9733 | D:11     | Noticed a cyclops
  9740 | D:11     | Killed a cyclops
  9798 | D:11     | Reached skill level 12 in Axes
  9800 | D:11     | Found a staircase to the Orcish Mines.
  9855 | D:11     | Reached XP level 12. HP: 97/111 MP: 11/11
  9870 | D:11     | Noticed Urug
  9887 | D:11     | Killed Urug
  9889 | D:11     | Found a staircase to the Lair.
  9949 | D:11     | Noticed Sonja
  9965 | D:11     | Killed Sonja
 10029 | D:11     | Noticed a deep elf summoner
 10496 | D:11     | Noticed a manticore
 10514 | D:11     | HP: 4/112 [manticore (12)]
 10519 | D:11     | Killed a manticore
 10519 | D:11     | Received a gift from Okawaru
 10745 | D:11     | Noticed a cyan ugly thing
 10759 | D:11     | HP: 4/112 [something (8)]
 11033 | D:11     | Noticed an unseen horror
 11034 | D:11     | Killed an unseen horror
 11067 | D:11     | Got a pair of crude boots {god gift}
 11073 | D:11     | Identified the +0 pair of boots "Erenacw" {+Blink Regen+} (Okawaru gifted it to you on level 11 of the Dungeon)
 11149 | D:11     | Killed a cyan ugly thing
 11250 | Lair:1   | Entered Level 1 of the Lair of Beasts
 11287 | Lair:1   | Identified a +2 pair of boots of running (You acquired it on level 1 of the Lair of Beasts)
 11914 | Lair:2   | Reached skill level 13 in Axes
 11918 | Lair:2   | Found a frozen archway.
 11936 | IceCv    | Entered an ice cave
 11959 | IceCv    | Reached ****** piety under Okawaru
 11959 | IceCv    | Received a gift from Okawaru
 12039 | IceCv    | Noticed an ice dragon
 12040 | IceCv    | Noticed an ice dragon
 12055 | IceCv    | Killed an ice dragon
 12058 | IceCv    | Killed an ice dragon
 12058 | IceCv    | Received a gift from Okawaru
 12380 | Lair:2   | Noticed a five-headed hydra
 12391 | Lair:2   | Killed an 11-headed hydra
 12391 | Lair:2   | Reached XP level 13. HP: 105/122 MP: 12/12
 12489 | Lair:2   | Noticed a five-headed hydra
 12541 | Lair:2   | Killed a 15-headed hydra
 13214 | Lair:3   | Received a gift from Okawaru
 13941 | Lair:4   | Found a staircase to the Swamp.
 13980 | Lair:4   | HP: 6/122 [giant leech (26)]
 13981 | Lair:4   | Mangled by a giant leech

Action                   |  1- 3 |  4- 6 |  7- 9 | 10-12 | 13-15 || total
-------------------------+-------+-------+-------+-------+-------++-------
Melee: War axe           |    63 |   125 |   320 |   225 |       ||   733
       Battleaxe         |       |       |       |   402 |   161 ||   563
Throw: Throwing net      |       |       |     4 |       |     1 ||     5
Invok: Heroism           |       |       |     1 |    12 |     1 ||    14
Evoke: Wand              |       |       |       |       |     1 ||     1
  Use: Potion            |       |     6 |       |     4 |       ||    10
       Scroll            |       |       |    14 |    13 |     1 ||    28
 Stab: Sleeping          |       |     1 |       |       |       ||     1
  Eat: Chunk             |     1 |     3 |     4 |     6 |       ||    14
       Pizza             |       |     2 |       |     1 |       ||     3
       Beef jerky        |       |     1 |     5 |     3 |       ||     9
       Meat ration       |       |       |     1 |     1 |       ||     2
       Fruit             |       |       |     1 |    18 |       ||    19
       Royal jelly       |       |       |     1 |     1 |       ||     2
